 Dungeon Crawl Stone Soup version 0.31-a0-968-g24f9ace8b5 (webtiles) character file.

Game seed: 7048115249541841725

53 pokeman the Magician (level 3, 0/20 HPs)
             Began as a Deep Elf Hedge Wizard on Oct 28, 2023.
             Slain by a phantom (3 damage)
             ... on level 2 of the Dungeon.
             The game lasted 00:05:33 (1616 turns).

pokeman the Magician (Deep Elf Hedge Wizard)        Turns: 1616, Time: 00:05:34

Health: 0/20       AC:  2    Str:  7    XL:     3   Next: 62%
Magic:  0/11       EV: 12    Int: 20    God:
Gold:   56         SH:  0    Dex: 14    Spells: 4/12 levels left

rFire   . . .        e - +1 dagger (venom)
rCold   . . .        (no shield)
rNeg    . . .        b - +0 robe
rPois   +            c - +0 hat
rElec   .            (no cloak)
rCorr   .            (no gloves)
SInv    .            (no boots)
Will    +....        (no amulet)
Stlth   ++           a - ring of poison resistance
HPRegen 0.23/turn    k - ring of willpower
MPRegen 0.12/turn

%: no passive effects
@: very slightly contaminated
A: no striking features
a: no special abilities


You were on level 2 of the Dungeon.
You visited 1 branch of the dungeon, and saw 2 of its levels.

You collected 56 gold pieces.

Inventory:

Hand Weapons
 e - a +1 dagger of venom (weapon)
Missiles
 f - a throwing net
Armour
 b - a +0 robe (worn)
 c - a +0 hat (worn)
Jewellery
 a - a ring of poison resistance (left hand)
 k - a ring of willpower (right hand)
Scrolls
 g - a scroll of immolation {unknown}
 i - a scroll of identify {unknown}
Potions
 d - a potion of magic
 h - 2 potions of might {unknown}
 j - a potion of mutation {unknown}


   Skills:
 - Level 1.0 Fighting
 - Level 1.0 Armour
 + Level 2.4 Dodging
 + Level 2.4 Stealth
 * Level 5.3 Spellcasting
 + Level 2.0 Conjurations
 - Level 1.1 Summonings
 - Level 1.1 Translocations


You had 4 spell levels left.
You knew the following spells:

 Your Spells              Type           Power      Damage    Failure   Level
a - Magic Dart            Conj           52%        1d5       4%          1
b - Mephitic Cloud        Conj/Pois/Air  8%         N/A       26%         3
c - Call Imp              Summ           18%        N/A       11%         2
d - Blink                 Tloc           18%        N/A       11%         2

Your spell library contained the following spells:

 Spells                   Type           Power      Damage    Failure   Level
 Momentum Strike          Conj/Tloc      22%        3d8       9%          2
 Lesser Beckoning         Tloc           18%        N/A       11%         2
 Slow                     Hex            20%        N/A       12%         1
 Cigotuvi's Dreadful Rot  Necr/Pois/Air  10%        N/A       17%         2


Dungeon Overview and Level Annotations

Branches:
Dungeon (2/15)

Altars:


Message History

Confirm with . or Enter, or press ? or * to list all spells.
Aiming: Magic Dart (safe; 4% risk of failure)
Press: ? - help, Shift-Dir - straight line, f/p - phantom
Aim: a phantom (heavily damaged, 100% to hit)
The magic dart hits the phantom but does no damage.
The phantom is heavily damaged.
The phantom barely misses you.
Casting: Magic Dart (safe; 4% risk of failure)
Confirm with . or Enter, or press ? or * to list all spells.
Aiming: Magic Dart (safe; 4% risk of failure)
Press: ? - help, Shift-Dir - straight line, f/p - phantom
Aim: a phantom (heavily damaged, 100% to hit)
The magic dart hits the phantom.
The phantom is heavily damaged.
The phantom barely misses you.
Casting: Magic Dart (safe; 4% risk of failure)
Confirm with . or Enter, or press ? or * to list all spells.
Aiming: Magic Dart (safe; 4% risk of failure)
Press: ? - help, Shift-Dir - straight line, f/p - phantom
Aim: a phantom (heavily damaged, 100% to hit)
The magic dart hits the phantom but does no damage.
The phantom is heavily damaged.
The phantom hits you.
Casting: Magic Dart (safe; 4% risk of failure)
Confirm with . or Enter, or press ? or * to list all spells.
Aiming: Magic Dart (safe; 4% risk of failure)
Press: ? - help, Shift-Dir - straight line, f/p - phantom
Aim: a phantom (heavily damaged, 100% to hit)
You miscast Magic Dart.
You are very lightly contaminated with residual magic.
Nothing appears to happen.
The phantom hits you.
* * * LOW HITPOINT WARNING * * *
Casting: Magic Dart (safe; 4% risk of failure)
Confirm with . or Enter, or press ? or * to list all spells.
You don't have enough magic to cast this spell.
Unknown command.
Unknown command.
The phantom attacks as it pursues you! The phantom misses you.
The phantom hits you.
You die...

#.# ..# #.# ..#
#.# ..# #
#.##..#.###
##..#.......
#...†..)....
#...#.......
#.W.####.#.. ..
#.@.# # ..#.##...#
#.# #
.........####.##+#
.
.##..............#
#....#.####.##.#
+....#.# #.##.#
#...##.# #.##.# ##
#... #.#
#.##.######. #...
#.# #.##........


You could see a phantom.

Vanquished Creatures
  2 adders (D:2)
  A worm (D:2)
  A dart slug (D:2)
  3 endoplasms
  2 giant cockroaches (D:1)
  3 goblins
  A hobgoblin (D:1)
  2 jackals (D:1)
  2 quokkas (D:2)
  3 ball pythons
  2 bats
  A frilled lizard (D:1)
  4 kobolds (D:1)
  4 rats
31 creatures vanquished.

Notes
Turn   | Place    | Note
-------+----------+-------------------------------------------
     0 | D:1      | pokeman the Deep Elf Hedge Wizard began the quest for the
                  | Orb.
     0 | D:1      | Reached XP level 1. HP: 10/10 MP: 7/7
   564 | D:1      | Reached XP level 2. HP: 15/15 MP: 5/9
   622 | D:1      | Found a faded altar of an unknown god.
  1199 | D:2      | Reached skill level 5 in Spellcasting
  1199 | D:2      | Reached XP level 3. HP: 15/20 MP: 0/11
  1204 | D:2      | Learned a level 3 spell: Mephitic Cloud
  1207 | D:2      | Learned a level 2 spell: Call Imp
  1210 | D:2      | Learned a level 2 spell: Blink
  1564 | D:2      | Reached skill level 1 in Fighting
  1564 | D:2      | Reached skill level 1 in Armour
  1602 | D:2      | Noticed a phantom
  1616 | D:2      | Slain by a phantom

Illustrated notes

Levels and vault maps discovered:
D:1:      lemuel_arrival_lava_pool, layout_loops_ring,
          chequers_ecumenical_altar_island
D:2:      layout_basic, kennysheep_potato

Skill      XL: |  1  2  3 |
---------------+----------+-----
Spellcasting   | 5 |  5.3
Fighting       | 1 |  1.0
Armour         | 1 |  1.0
Conjurations   | 2 |  2.0
Dodging        | |  2.4
Stealth        | |  2.4
Summonings     | |  1.1
Translocations | |  1.1

Action                     || total
---------------------------++-------
  Melee: Dagger            ||    18
   Cast: Magic Dart        ||    75
         Mephitic Cloud    ||     1
    Use: Potion            ||     2
   Stab: Sleeping          ||     2
 Armour: Robe              ||    16
  Dodge: Dodged            ||    20

Table legend: (Time is in decaauts)
 A = Elapsed time spent in this place.
 B = Non-inter-level travel time spent in this place.
 C = Inter-level travel time spent in this place.
 D = Time resting spent in this place.
 E = Time spent auto-exploring this place.
 F = Levels seen in this place.
 G = Mean time per level.
                   A        B        C        D        E       F      G
               +--------+--------+--------+--------+--------+-----+--------+
         Total |   1618 |   1605 |     13 |     46 |   1381 |   2 |  809.0 |
       Dungeon |   1618 |   1605 |     13 |     46 |   1381 |   2 |  809.0 |
               +--------+--------+--------+--------+--------+-----+--------+

Top non-repeatable levels by time:
     D:1: 1040 daAuts
     D:2: 578 daAuts
